 Dungeon Crawl Stone Soup version 0.20.1-1-g8b1a95d (webtiles) character file.

18302 dstrtn the Covert (level 12, -11/59 HPs)
             Began as a Deep Elf Chaos Knight on Oct 13, 2017.
             Mangled by a komodo dragon (20 damage)
             ... on level 3 of the Lair of Beasts on Oct 14, 2017.
             The game lasted 01:31:48 (12234 turns).

dstrtn the Covert (Deep Elf Chaos Knight)          Turns: 12234, Time: 01:31:49

Health: -11/59     AC: 13    Str: 18    XL:     12   Next: 26%
Magic:  2/26       EV: 17    Int: 20    God:    Xom [.....*]
Gold:   840        SH:  0    Dex: 24    Spells: 11/27 levels left

rFire    . . .     SeeInvis .   a - +7 dagger "Ecvohed" {chaos, Dex+2}
rCold    + . .     Gourm    .   (no shield)
rNeg     . . .     Faith    .   Z - +3 ring mail "Jixoik" {Str+6 Dex+4}
rPois    .         Spirit   .   (helmet restricted)
rElec    .         Reflect  .   (no cloak)
rCorr    .         Harm     .   W - +1 pair of gloves
MR       +++..     Clarity  +   P - +2 pair of boots {run}
Stlth    +++++.....             (no amulet)
Regen    0.6/turn               s - ring of wizardry {=R}
MPRegen  0.2/turn               d - ring of protection from cold

@: very slightly contaminated, quick
A: fangs 1, horns 1, thin skeletal structure 1, agile 1, clarity, frail 1, magic
resistance 2, regeneration 1, wild magic 1
a: Renounce Religion


You were on level 3 of the Lair of Beasts.
You worshipped Xom.
You were Xom's teddy bear.
You were not hungry.

You visited 2 branches of the dungeon, and saw 13 of its levels.
You also visited: Volcano.

You collected 840 gold pieces.

Inventory:

Hand Weapons
 a - the +7 dagger "Ecvohed" (weapon) {chaos, Dex+2}
   (Xom gifted it to you on level 3 of the Dungeon)

   Each time it hits an enemy it has a different, random effect.
   It affects your dexterity (+2).
 b - a +0 hunting sling
 I - a -1 blowgun
Missiles
 R - 18 sling bullets
 S - 7 javelins of penetration (quivered)
 U - a throwing net
 Y - 4 curare-tipped needles
Armour
 P - a +2 pair of boots of running (worn)
 W - a +1 pair of gloves (worn)
 Z - the +3 ring mail "Jixoik" (worn) {Str+6 Dex+4}
   (You found it on level 1 of the Lair of Beasts)

   It affects your strength (+6).
   It affects your dexterity (+4).
Magical Staves
 F - an uncursed staff of cold
Jewellery
 d - a ring of protection from cold (right hand)
 h - an uncursed ring of protection from fire
 j - an uncursed ring of fire
 s - a ring of wizardry (left hand) {=R}
 V - an uncursed ring of flight
Wands
 e - a wand of iceblast (3/15)
 A - a wand of acid (7/15)
 E - a wand of clouds (4/9)
 G - a wand of iceblast (12/15)
 K - a wand of polymorph (9/24)
 O - a wand of iceblast (4/15)
Scrolls
 k - 2 scrolls of immolation
 m - a scroll of acquirement {unknown}
 n - 2 scrolls of teleportation
 o - 3 scrolls of remove curse
 p - a scroll of fog {unknown}
 w - a scroll of magic mapping
 x - a scroll of enchant armour {unknown}
 y - a scroll of amnesia {unknown}
 C - a scroll of enchant weapon
 H - a scroll of holy word {unknown}
 N - a scroll of blinking
 Q - a scroll of recharging {unknown}
Potions
 f - a potion of magic
 q - 3 potions of heal wounds
 u - a potion of berserk rage {unknown}
 v - a potion of flight {unknown}
 B - 3 potions of might
 D - a potion of lignification
 L - a potion of experience {unknown}
 M - a potion of brilliance {unknown}
 T - a potion of ambrosia {unknown}
 X - 4 potions of curing
Miscellaneous
 g - a fan of gales
 J - a phial of floods
Comestibles
 c - 4 bread rations
 i - 8 meat rations
 l - 47 fruits
 z - 5 royal jellies


   Skills:
 + Level 4.0 Fighting
 - Level 9.6(10.0) Short Blades
   Level 3.7(6.8) Long Blades
 - Level 3.0 Armour
 + Level 7.6 Dodging
 + Level 10.5 Stealth
 - Level 8.0 Spellcasting
 - Level 5.0 Conjurations
 * Level 8.0 Hexes
 + Level 4.3 Charms
 - Level 3.1 Summonings
 - Level 3.0 Translocations
 - Level 4.0 Fire Magic
 - Level 3.0 Air Magic
 - Level 4.0 Poison Magic
 - Level 4.3 Evocations


You had 11 spell levels left.
You knew the following spells:

 Your Spells              Type           Power        Failure   Level  Hunger
a - Magic Dart            Conj           ####         1%          1    None
b - Apportation           Tloc           ####..       2%          1    None
c - Conjure Flame         Conj/Fire      ####....     4%          3    None
g - Shroud of Golubria    Chrm/Tloc      ####......   3%          2    None
i - Call Imp              Summ           ####....     4%          2    None
l - Blink                 Tloc           N/A          4%          2    None
m - Mephitic Cloud        Conj/Pois/Air  ####....     5%          3    None
s - Slow                  Hex            ######..     1%          2    None


Dungeon Overview and Level Annotations

Branches:
Dungeon (10/15)            Temple (0/1) D:7            Lair (3/6) D:10
  Swamp: Lair:2-4    Shoals: Lair:2-4     Snake: Lair:2-4    Spider: Lair:2-4
    Orc: D:9-12

Altars:
Ashenzari
Cheibriados
Elyvilon
Fedhas
Hepliaklqana
Kikubaaqudgha
Makhleb
Nemelex Xobeh
Okawaru
Sif Muna
Xom
Zin
The Shining One

Shops:
D:5 }   D:10 [

Annotations:
D:2 exclusion: downstairs, Terence
D:3 Robin, Sigmund
D:7 exclusion: hornet
D:8 exclusion: water moccasin
D:9 exclusion: eye of draining


Innate Abilities, Weirdness & Mutations

You have very sharp teeth.
You have a pair of small horns on your head.
You have a somewhat thin skeletal structure. (Dex +2, Stealth)
You are agile. (Dex +2)
You possess an exceptional clarity of mind.
You are frail. (-10% HP)
You are highly resistant to hostile enchantments. (MR++)
Your natural rate of healing is unusually fast.
Your spells are a little harder to cast, but a little more powerful.


Message History

Evoke which item? (* to show all) (? for menu, Esc to quit)
Aiming: Corrosive Bolt
Press: ? - help, Shift-Dir - straight line, f/p - komodo dragon
Aim: a komodo dragon (almost dead, fast+slow)
Okay, then.
Casting: Magic Dart
Confirm with . or Enter, or press ? or * to list all spells.
Aiming: Magic Dart
Press: ? - help, Shift-Dir - straight line, f/p - komodo dragon
Aim: a komodo dragon (almost dead, fast+slow)
The magic dart hits the komodo dragon.
The komodo dragon is almost dead.
Evoke which item? (* to show all) (? for menu, Esc to quit)
Aiming: Corrosive Bolt
Press: ? - help, Shift-Dir - straight line, f/p - komodo dragon
Aim: a komodo dragon (almost dead, fast+slow)
The bolt of acid misses the komodo dragon.
This wand has 7 charges left.
The komodo dragon bites you!!
You die...
Xom thinks this is hilarious!

..#........ .........#
........## #.
#P.......# #..###
#.......$# #
##.....####......###.#
#......@l.5...........
.#.......5..5.........
#...........†.........
#.....................
#...(.................
##......?.............
#....#####+P#...##.###
#P... ###..#.....####
. .........+.....


You could see a komodo dragon, a friendly iron imp, a friendly crimson imp and a
friendly shadow imp.

Vanquished Creatures
  Fannar (D:10)
  A hydra (Lair:2)
  3 two-headed ogres
  Erica (Lair:1)
  Sonja (Lair:1)
  The ghost of Irenicus the Martial Artist, a novice OpCK of Xom (D:9)
  2 skeletal warriors (Volcano)
  An unseen horror (D:10)
  2 anaconda skeletons (Volcano)
  The ghost of Frank the Slasher, a novice OpFi (D:5)
  4 gargoyles
  2 black mambas (Lair:2)
  A spiny frog (Lair:2)
  2 trolls (D:10)
  4 hippogriffs (Lair:1)
  2 flying skulls (Volcano)
  An alligator skeleton (Volcano)
  A steam dragon (Lair:2)
  2 yaks (D:10)
  Grum (Lair:1)
  The ghost of Irenicus the Slasher, an amateur OpCK of Xom (D:4)
  7 porcupines
  A water moccasin (D:10)
  3 ice beasts
  An orc warrior (D:8)
  A necrophage (D:9)
  2 phantoms
  4 sky beasts
  5 ogres
  8 wolves
  The ghost of VirginKiller the Changer, an amateur DgTm (D:3)
  2 centaurs (D:10)
  2 crocodiles
  A big kobold (D:9)
  Blork the orc (D:4)
  6 bullfrogs
  A wyvern skeleton (D:10)
  3 scorpions
  An electric eel (D:10)
  A spriggan skeleton (Volcano)
  4 crimson imps
  4 howler monkeys
  A bullfrog zombie (D:6)
  2 quasits
  2 bullfrog skeletons
  6 orc priests
  A jelly (D:9)
  4 centaur skeletons
  3 hounds
  9 orc wizards
  3 iguanas
  3 worker ants
  A hound zombie (D:5)
  A killer bee simulacrum (D:10)
  2 worker ant zombies
  A gnoll (D:8)
  A howler monkey skeleton (D:5)
  14 adders
  A hound simulacrum (D:10)
  4 shadow imps
  A white imp (D:10)
  A worker ant simulacrum (D:10)
  An ufetubus (D:10)
  2 adder zombies
  An adder skeleton (D:8)
  A worm (D:4)
  3 dart slugs
  4 leopard geckos
  25 orcs
  7 bats
  3 giant cockroaches
  17 goblins
  4 hobgoblins
  18 jackals
  6 kobolds
  6 quokkas
  A bat (shapeshifter) (D:2)
  5 frilled lizards
  A jackal zombie (D:5)
  2 leopard gecko skeletons
  2 quokka skeletons (D:5)
  6 rats
270 creatures vanquished.

Vanquished Creatures (collateral kills)
  Erolcha (D:8)
  A spiny frog (Lair:1)
  A hornet (D:10)
  A steam dragon (Lair:2)
  2 wolves
  A bullfrog (D:8)
  A wight (D:8)
  2 crimson imps (D:8)
  A naga skeleton (Volcano)
  2 gnolls (D:8)
  An adder (D:8)
  4 orcs (D:8)
18 creatures vanquished.

Vanquished Creatures (others)
  A flying skull (Volcano)
  A porcupine (Lair:1)
  4 wights (D:9)
  3 gnolls (D:9)
  A leopard gecko (D:9)
  An orc (D:4)
  A frilled lizard (D:1)
  A fungus (Lair:1)
  A plant (Lair:1)
14 creatures vanquished.

Grand Total: 302 creatures vanquished

Notes
Turn   | Place    | Note
-------+----------+-------------------------------------------
     0 | D:1      | dstrtn the Deep Elf Chaos Knight began the quest for the Orb.
     0 | D:1      | Reached XP level 1. HP: 13/13 MP: 3/3
   129 | D:1      | Reached skill level 1 in Armour
   162 | D:1      | XOM: silly message
   196 | D:1      | Reached XP level 2. HP: 17/18 MP: 4/4
   273 | D:1      | Reached skill level 1 in Stealth
   438 | D:1      | XOM: divination: detect creatures
   692 | D:2      | XOM: harmless Fire miscast
   697 | D:2      | Reached skill level 2 in Stealth
   731 | D:2      | XOM: potion effect (might)
   732 | D:2      | XOM: harmless Necr miscast
   735 | D:2      | Reached XP level 3. HP: 20/22 MP: 5/5
   785 | D:2      | XOM: polymorph hobgoblin -> rat
   883 | D:2      | Noticed Terence
   893 | D:2      | XOM: smoke on damage
   920 | D:2      | XOM: harmless Fire miscast
   921 | D:2      | XOM: cast spell 'Discord'
   935 | D:2      | XOM: summons friendly crimson imp
  1420 | D:3      | Noticed Robin
  1481 | D:3      | Noticed Sigmund
  1560 | D:3      | Reached skill level 3 in Stealth
  1560 | D:3      | Reached XP level 4. HP: 27/27 MP: 6/6
  1677 | D:3      | XOM: mild Summ miscast
  1678 | D:3      | Noticed a spatial vortex
  1881 | D:3      | XOM: smoke on damage
  1985 | D:3      | XOM: god gift: bone dagger {god gift}
  1987 | D:3      | Got a bone dagger {god gift}
  1992 | D:3      | Identified the +7 dagger "Ecvohed" {chaos, Dex+2} (Xom gifted it to you on level 3 of the Dungeon)
  2004 | D:3      | Found a snail-covered altar of Cheibriados.
  2068 | D:3      | Noticed VirginKiller's ghost (amateur DgTm)
  2075 | D:3      | XOM: divination: detect items
  2079 | D:3      | Killed VirginKiller's ghost
  2079 | D:3      | Reached skill level 1 in Short Blades
  2079 | D:3      | Reached skill level 4 in Stealth
  2079 | D:3      | Reached XP level 5. HP: 29/31 MP: 7/7
  2539 | D:3      | Reached skill level 5 in Stealth
  2698 | D:4      | Found a shimmering altar of Xom.
  2699 | D:4      | Noticed an angel
  2701 | D:4      | Found a glowing silver altar of Zin.
  2704 | D:4      | Noticed Irenicus's ghost (amateur OpCK)
  2734 | D:4      | XOM: enchant monster (good)
  2735 | D:4      | Killed Irenicus's ghost
  2735 | D:4      | Reached XP level 6. HP: 10/36 MP: 8/8
  2871 | D:4      | XOM: noise
  2896 | D:4      | Got a heavily jewelled robe
  2915 | D:4      | Identified the +1 robe of Conscience {rElec rCorr} (You found it on level 4 of the Dungeon)
  2926 | D:4      | XOM: enchant monster (good)
  2936 | D:4      | XOM: enchant monster (bad)
  2941 | D:4      | Found a shattered altar of Ashenzari.
  2968 | D:4      | XOM: harmless Air miscast
  3028 | D:4      | Reached skill level 6 in Stealth
  3091 | D:4      | XOM: silly message
  3273 | D:4      | Found a blossoming altar of Fedhas.
  3381 | D:4      | XOM: confuse monster(s)
  3384 | D:4      | Reached XP level 7. HP: 38/40 MP: 9/9
  3573 | D:4      | Noticed Blork the orc
  3581 | D:4      | Killed Blork the orc
  3752 | D:5      | Entered Level 5 of the Dungeon
  3760 | D:5      | XOM: mild Conj miscast
  3785 | D:5      | Found an ancient bone altar of Kikubaaqudgha.
  3847 | D:5      | Reached skill level 5 in Short Blades
  3944 | D:5      | Found a glowing golden altar of the Shining One.
  3994 | D:5      | Noticed Frank's ghost (novice OpFi)
  4066 | D:5      | Reached skill level 7 in Stealth
  4071 | D:5      | XOM: harmless Necr miscast
  4101 | D:5      | Found a burning altar of Makhleb.
  4141 | D:5      | Found Bahoaly's Gadget Shop.
  4173 | D:5      | XOM: enchant monster (bad)
  4221 | D:5      | Reached XP level 8. HP: 39/45 MP: 10/10
  4275 | D:5      | XOM: destruction
  4296 | D:5      | XOM: scenery: create altars
  4298 | D:5      | XOM: potion effect (might)
  4303 | D:5      | Killed Frank's ghost
  4303 | D:5      | Reached skill level 8 in Stealth
  4411 | D:5      | XOM: silly message
  4412 | D:5      | XOM: harmless Pois miscast
  4435 | D:5      | XOM: smoke on damage
  4527 | D:5      | XOM: harmless Air miscast
  4749 | D:6      | Found a deep blue altar of Sif Muna.
  4751 | D:6      | Found an iron altar of Okawaru.
  4751 | D:6      | Found a sparkling altar of Nemelex Xobeh.
  4752 | D:6      | Found a hazy altar of Hepliaklqana.
  4770 | D:6      | XOM: smoke on damage
  4837 | D:6      | XOM: summons 4 hostile demons
  4838 | D:6      | Noticed a red devil
  4941 | D:6      | XOM: mild Pois miscast
  5150 | D:6      | XOM: stat loss: -1 Dex (15/16)
  5166 | D:6      | XOM: 1-stop teleportation journey
  5186 | D:6      | XOM: stat loss: -1 Dex (14/16)
  5187 | D:6      | XOM: give mutation
  5187 | D:6      | Gained mutation: You are clumsy. (Dex -2) [Xom's mischief]
  5277 | D:6      | Reached skill level 9 in Stealth
  5302 | D:6      | XOM: confusion (+ monsters)
  5316 | D:6      | XOM: god gift: phial of floods
  5534 | D:7      | Reached skill level 1 in Evocations
  5534 | D:7      | Reached XP level 9. HP: 49/49 MP: 11/11
  5743 | D:7      | Found a staircase to the Ecumenical Temple.
  5774 | D:7      | Identified a +2 pair of boots of running (You found it on level 7 of the Dungeon)
  5921 | D:7      | XOM: give mutations
  5921 | D:7      | Lost mutation: You are clumsy. (Dex -2) [Xom's grace]
  5921 | D:7      | Gained mutation: Your spells are a little harder to cast, but a little more powerful. [Xom's grace]
  5921 | D:7      | Gained mutation: You are resistant to hostile enchantments. (MR+) [Xom's grace]
  5921 | D:7      | Gained mutation: You have very sharp teeth. [Xom's grace]
  6031 | D:7      | XOM: scenery: create altars
  6347 | D:8      | Noticed a two-headed ogre
  6625 | D:8      | Noticed a gargoyle
  6634 | D:8      | Killed a gargoyle
  6760 | D:8      | XOM: noise
  6895 | D:9      | Noticed a white ugly thing
  6953 | D:9      | XOM: confuse monster(s)
  7025 | D:9      | Learned a level 2 spell: Blink
  7028 | D:9      | Noticed Irenicus's ghost (novice OpCK)
  7029 | D:9      | Learned a level 3 spell: Conjure Flame
  7061 | D:9      | Learned a level 3 spell: Mephitic Cloud
  7069 | D:9      | Noticed Erolcha
  7298 | D:9      | Reached skill level 1 in Spellcasting
  7310 | D:9      | Reached skill level 1 in Translocations
  7332 | D:9      | XOM: scenery: 1 doors open
  7346 | D:9      | Reached skill level 1 in Conjurations
  7351 | D:9      | Gained mutation: You are highly resistant to hostile enchantments. (MR++) [mutagenic meat]
  7431 | D:9      | XOM: fog
  7442 | D:9      | XOM: enchant monster (good)
  7447 | D:9      | XOM: cast spell 'Dispersal'
  7709 | D:8      | Noticed a two-headed ogre
  7716 | D:8      | Killed a two-headed ogre
  7716 | D:8      | Reached XP level 10. HP: 54/54 MP: 14/18
  7728 | D:9      | XOM: cleaving
  7728 | D:9      | XOM: butterfly on damage
  7737 | D:8      | Killed Erolcha
  7737 | D:8      | Reached skill level 5 in Spellcasting
  7746 | D:8      | Learned a level 1 spell: Magic Dart
  7749 | D:8      | Learned a level 2 spell: Call Imp
  7752 | D:8      | Learned a level 2 spell: Slow
  7826 | D:9      | XOM: give mutation
  7826 | D:9      | Gained mutation: You have a somewhat thin skeletal structure. (Dex +2, Stealth) [Xom's mischief]
  7892 | D:9      | XOM: enchant monster (bad)
  7893 | D:9      | XOM: enchant monster (good)
  7940 | D:9      | Killed Irenicus's ghost
  7940 | D:9      | Reached skill level 1 in Hexes
  7940 | D:9      | Reached skill level 1 in Air Magic
  7940 | D:9      | Reached skill level 1 in Poison Magic
  7997 | D:9      | XOM: scenery: create altars
  8068 | D:9      | Reached skill level 1 in Fire Magic
  8099 | D:9      | Reached skill level 1 in Summonings
  8108 | D:9      | XOM: confuse monster(s)
  8134 | D:9      | XOM: harmless Erth miscast
  8457 | D:10     | Entered Level 10 of the Dungeon
  8490 | D:10     | XOM: silly message
  8503 | D:10     | XOM: potion effect (agility)
  8565 | D:10     | Found a staircase to the Lair.
  8632 | D:10     | Killed an unseen horror
  8707 | D:10     | XOM: divination: detect items
  8845 | D:10     | XOM: potion effect (magic)
  8903 | D:10     | XOM: potion effect (invisibility)
  9031 | D:10     | Noticed a two-headed ogre
  9034 | D:10     | Killed a two-headed ogre
  9080 | D:10     | XOM: divination: detect items
  9089 | D:10     | XOM: give mutation
  9089 | D:10     | Gained mutation: You are frail. (-10% HP) [Xom's mischief]
  9096 | D:10     | XOM: mild Summ miscast
  9102 | D:10     | XOM: summons 4 friendly demons
  9105 | D:10     | Reached XP level 11. HP: 25/53 MP: 15/23
  9120 | D:10     | XOM: medium Ice miscast
  9137 | D:10     | XOM: silly message
  9218 | D:10     | Noticed a two-headed ogre
  9229 | D:10     | XOM: chaos upgrade
  9336 | D:10     | XOM: divination: detect creatures
  9343 | D:10     | XOM: enchant monster (good)
  9363 | D:10     | XOM: potion effect (magic)
  9371 | D:10     | Killed a two-headed ogre
  9371 | D:10     | XOM: divination: magic mapping
  9410 | D:10     | Found a white marble altar of Elyvilon.
  9489 | D:10     | Found Foiptoh's Armour Shop.
  9553 | D:10     | Noticed Fannar
  9567 | D:10     | Killed Fannar
  9612 | Lair:1   | Entered Level 1 of the Lair of Beasts
  9616 | Lair:1   | Noticed Erica
  9679 | Lair:1   | XOM: potion effect (invisibility)
  9684 | Lair:1   | Killed Erica
  9687 | Lair:1   | Reached skill level 5 in Dodging
  9710 | Lair:1   | XOM: harmless Necr miscast
  9779 | Lair:1   | XOM: harmless Summ miscast
  9857 | Lair:1   | Got a faintly glowing ring mail
  9868 | Lair:1   | Identified the +3 ring mail "Jixoik" {Str+6 Dex+4} (You found it on level 1 of the Lair of Beasts)
  9931 | Lair:1   | Noticed Grum
 10023 | Lair:1   | Reached skill level 5 in Conjurations
 10193 | Lair:1   | XOM: god gift: potion of lignification
 10209 | Lair:1   | Killed Grum
 10218 | Lair:1   | Reached skill level 5 in Hexes
 10418 | Lair:1   | Reached skill level 10 in Stealth
 10420 | Lair:1   | Noticed Sonja
 10426 | Lair:1   | Killed Sonja
 10494 | Lair:1   | Identified Enepamm's Compendium of Egomania
 10501 | Lair:1   | Learned a level 1 spell: Apportation
 10504 | Lair:1   | Learned a level 2 spell: Shroud of Golubria
 10664 | Lair:2   | Got a pair of crude gloves
 10675 | Lair:2   | Identified the +5 pair of gloves of Light {*Corrode Str-3 Int+3 Dex+6} (You found it on level 2 of the Lair of Beasts)
 10684 | Lair:2   | XOM: divination: magic mapping
 11113 | Lair:2   | XOM: mild Chrm miscast
 11113 | Lair:2   | XOM: butterfly on damage
 11245 | Lair:2   | Noticed a four-headed hydra
 11249 | Lair:2   | Killed a four-headed hydra
 11327 | Lair:2   | XOM: mild Erth miscast
 11451 | Lair:2   | XOM: harmless Conj miscast
 11631 | Lair:2   | XOM: give mutations
 11631 | Lair:2   | Gained mutation: You have a pair of small horns on your head. [Xom's grace]
 11631 | Lair:2   | Gained mutation: You possess an exceptional clarity of mind. [Xom's grace]
 11631 | Lair:2   | Gained mutation: You are agile. (Dex +2) [Xom's grace]
 11649 | Lair:2   | Reached skill level 1 in Charms
 11713 | Lair:3   | XOM: cloud trail
 11719 | Lair:3   | Found a dark tunnel.
 11743 | Volcano  | Entered a volcano
 11902 | Volcano  | Reached XP level 12. HP: 33/59 MP: 18/26
 11903 | Volcano  | XOM: give mutation
 11903 | Volcano  | Gained mutation: Your natural rate of healing is unusually fast. [Xom's grace]
 11936 | Volcano  | XOM: divination: magic mapping
 12064 | Volcano  | XOM: medium Erth miscast
 12234 | Lair:3   | Mangled by a komodo dragon

Skill      XL: |  1  2  3  4  5  6  7  8  9 10 11 12 |
---------------+-------------------------------------+-----
Armour         | 1 3 |  3.0
Stealth        | 2 3 4 5 6 7 9 10 | 10.5
Dodging        | 3 7 |  7.6
Long Blades    | 3 |  3.7
Short Blades   | 1 2 3 6 8 9 |  9.6
Evocations     | 1 4 |  4.3
Spellcasting   | 4 6 8 |  8.0
Translocations | 2 3 |  3.0
Conjurations   | 2 4 5 |  5.0
Hexes          | 3 6 8 |  8.0
Air Magic      | 2 3 |  3.0
Poison Magic   | 3 4 |  4.0
Fire Magic     | 2 4 |  4.0
Summonings     | 2 3 |  3.1
Fighting       | 4 |  4.0
Charms         | 2 4 |  4.3

Action                   |  1- 3 |  4- 6 |  7- 9 | 10-12 || total
-------------------------+-------+-------+-------+-------++-------
Melee: Falchion          |   129 |    31 |       |       ||   160
       Dagger            |       |    81 |   281 |   345 ||   707
       Unarmed           |       |     1 |       |       ||     1
       Bite              |       |       |     6 |    47 ||    53
       Headbutt          |       |       |       |    11 ||    11
 Fire: Hunting sling     |       |     6 |       |    21 ||    27
Throw: Stone             |    11 |    29 |       |       ||    40
       Tomahawk          |     2 |     9 |    13 |       ||    24
       Javelin           |       |       |       |    11 ||    11
       Throwing net      |       |       |       |     1 ||     1
 Cast: Call Imp          |       |       |       |    58 ||    58
       Conjure Flame     |       |       |       |    11 ||    11
       Magic Dart        |       |       |       |    30 ||    30
       Mephitic Cloud    |       |       |       |    19 ||    19
       Slow              |       |       |       |    39 ||    39
       Shroud of Golubri |       |       |       |     7 ||     7
       Blink             |       |       |       |     1 ||     1
Evoke: Wand              |       |       |     1 |     4 ||     5
  Use: Scroll            |       |     5 |    11 |     9 ||    25
       Potion            |       |     5 |     1 |     4 ||    10
 Stab: Sleeping          |     3 |     4 |    20 |    16 ||    43
       Invisible         |       |     3 |       |     9 ||    12
       Confused          |       |     1 |     2 |    10 ||    13
       Distracted        |       |     1 |       |     3 ||     4
       Petrifying        |       |       |     1 |       ||     1
       Petrified         |       |       |     1 |     1 ||     2
       Paralysed         |       |       |     1 |       ||     1
  Eat: Chunk             |     2 |     6 |    12 |    12 ||    32
       Fruit             |       |       |     2 |     3 ||     5
Armor: Leather armour    |    26 |    57 |    62 |    28 ||   173
       Skin              |       |    54 |       |       ||    54
       Troll leather arm |       |       |       |    14 ||    14
       Ring mail         |       |       |       |    20 ||    20
Dodge: Dodged            |    87 |   119 |   103 |   120 ||   429
       Rpst.: Falchion   |    31 |     6 |       |       ||    37
